 Dungeon Crawl Stone Soup version 0.18.1-8-gdd0e5ea (webtiles) character file.

8502 nikopol the Fighter (level 11, -14/148 HPs)
             Began as a Minotaur Berserker on June 10, 2016.
             Was an Elder of Trog.
             Demolished by a hill giant
             ... wielding a +0 giant club
              (43 damage)
             ... on level 10 of the Dungeon.
             The game lasted 00:25:03 (9421 turns).

nikopol the Fighter (Minotaur Berserker)            Turns: 9421, Time: 00:25:05

Health: -14/148    AC:  8    Str: 28    XL:     11   Next: 10%
Magic:  10/10      EV: 15    Int:  4    God:    Trog [****..]
Gold:   549        SH:  0    Dex: 12    Spells: 0 memorised, 10 levels left

rFire  . . .     SeeInvis .     x - +0 spear (pierce)
rCold  . . .     Gourm    .     j - +0 ring mail
rNeg   . . .     Faith    .     (no shield)
rPois  .         Spirit   .     (helmet restricted)
rElec  .         Dismiss  .     (no cloak)
rCorr  .         Reflect  .     k - +0 pair of gloves
SustAt .         Harm     +     (no boots)
MR     .....                    p - amulet of harm
Stlth  ..........               (no ring)
                                (no ring)

@: berserking, very quick, not resistant to hostile enchantments, extremely
unstealthy
A: retaliatory headbutt, horns 2
a: Berserk, Trog's Hand, Brothers in Arms, Burn Spellbooks, Renounce Religion


You were on level 10 of the Dungeon.
You worshipped Trog.
Trog was greatly pleased with you.
You were hungry.

You visited 1 branch of the dungeon, and saw 10 of its levels.

You collected 549 gold pieces.

Inventory:

Hand Weapons
 a - a +1 spear
 c - a +2 shortbow of flaming
 x - a +0 spear of piercing (weapon)
 y - a +1 shortbow of evasion
Missiles
 m - 148 arrows (quivered)
Armour
 b - a +0 animal skin
 j - a +0 ring mail (worn)
 k - a +0 pair of gloves (worn)
Jewellery
 p - an amulet of harm (around neck)
 F - a +2 ring of strength {unknown}
Wands
 r - a wand of confusion (25/48)
 u - a wand of hasting (2/9)
 B - a wand of digging (5/24)
 C - a wand of disintegration (17/24)
 I - a wand of enslavement (18/24)
Scrolls
 f - a scroll of enchant weapon
 i - 3 scrolls of identify
 l - 2 scrolls of random uselessness
 n - a scroll of fear {unknown}
 q - 3 scrolls of amnesia
 v - 6 scrolls of remove curse
 D - 3 scrolls of teleportation
 E - a scroll of recharging {unknown}
 G - 3 scrolls of magic mapping {unknown}
 L - a scroll of blinking {unknown}
 N - a scroll of fog {unknown}
Potions
 d - 2 potions of lignification
 e - a potion of resistance {unknown}
 g - 2 potions of agility {unknown}
 s - 2 potions of mutation {unknown}
 t - a potion of heal wounds {unknown}
 z - a potion of curing
 K - a potion of degeneration {unknown}
Books
 w - a book of Fire

   Spells                             Type                      Level
   a - Ignite Poison                  Fire/Transmutation/Poison    3
   b - Fireball                       Conjuration/Fire             5
   c - Bolt of Fire                   Conjuration/Fire             6
   d - Delayed Fireball               Conjuration/Fire             7
   e - Ring of Flames                 Charms/Fire                  7
   Trog disapproves of the use of such an item.
Comestibles
 h - 6 bread rations
 o - 4 fruits
 A - a meat ration
 H - 8 slices of pizza
 J - 3 beef jerkies
 M - a chunk of flesh


   Skills:
 + Level 10.0 Fighting
 + Level 10.0 Polearms
 + Level 8.0 Bows
 + Level 9.9 Armour
 + Level 8.8 Dodging


You had 10 spell levels left.
You didn't know any spells.

Dungeon Overview and Level Annotations

Branches:
Dungeon (10/15)            Temple (0/1) D:4             Orc (0/2) D:9
   Lair: D:8-11

Altars:
Ashenzari
Dithmenos
Elyvilon
Fedhas
Gozag
Nemelex Xobeh
Okawaru
Pakellas
Trog
Vehumet
Yredelemnul

Shops:
D:6 (   D:9 =   D:10 :

Annotations:
D:4 exclusion: statue


Innate Abilities, Weirdness & Mutations

You reflexively headbutt those who attack you in melee.
You have a pair of horns on your head.


Message History

The hill giant is severely wounded.
You hit the hill giant. You headbutt the hill giant.
The hill giant is severely wounded.
You hit the hill giant but do no damage.
The hill giant is severely wounded.
The hill giant closely misses you. You furiously retaliate!
You headbutt the hill giant.
You hit the hill giant but do no damage.
The hill giant is severely wounded.
You barely miss the hill giant.
The hill giant is severely wounded.
The hill giant hits you with a giant club!!!
* * * LOW HITPOINT WARNING * * *
You are too injured to fight recklessly!
You are too injured to fight recklessly!
A red film seems to cover your vision as you go berserk!
You feel yourself moving faster!
You feel mighty!
You feel quite a bit more hungry.
The hill giant hits you with a giant club!!
You die...

#..########
###.###########
#.............#
#.............#
#.............###
#...............#
#.............#.#
###.............#..
#C@.............##.
#(..#.............###
.....###.........)...#
.((# ###########.###
.# ##..# #..## #.##
######'#####
#...†......#


You could see a hill giant.

Vanquished Creatures
  2 hill giants (D:10)
  The ghost of Rationalist the Chopper, a novice MiBe of Trog (D:5)
  3 centaur zombies (D:10)
  2 two-headed ogres (D:8)
  A wraith (D:10)
  A hog (D:8)
  A human (D:8)
  3 yaks (D:9)
  2 orc warriors (D:9)
  2 black bears (D:7)
  3 phantoms
  3 ice beasts
  4 sky beasts
  4 ogres
  An eye of draining (D:10)
  A necrophage (D:10)
  4 centaurs
  7 giant frogs
  A water moccasin zombie (D:7)
  A scorpion (D:4)
  A wyvern skeleton (D:7)
  14 killer bees
  3 wights (D:9)
  7 howler monkeys
  2 crimson imps (D:7)
  A giant frog zombie (D:5)
  5 hounds
  A centaur skeleton (D:6)
  2 giant frog skeletons
  3 jellies
  A gnoll shaman (D:7)
  4 orc priests
  7 orc wizards
  An iguana (D:10)
  9 worker ants
  A killer bee zombie (D:10)
  3 sheep (D:8)
  A mummy (D:4)
  2 worker ant zombies
  7 gnolls
  6 adders
  4 shadow imps
  An adder zombie (D:4)
  3 adder skeletons
  2 worms (D:3)
  5 giant geckos
  23 orcs
  2 ball pythons
  3 bats
  5 giant cockroaches
  2 goblins
  A hobgoblin (D:3)
  3 quokkas
  A giant gecko skeleton (D:4)
  5 giant newts
  5 kobolds
  A quokka zombie (D:6)
  4 rats
  2 plants (D:5)
200 creatures vanquished.

Vanquished Creatures (others)
  A hound (D:4)
1 creature vanquished.

Grand Total: 201 creatures vanquished

Notes
Turn   | Place    | Note
--------------------------------------------------------------
     0 | D:1      | nikopol the Minotaur Berserker began the quest for the Orb.
     0 | D:1      | Reached XP level 1. HP: 19/19 MP: 0/0
   857 | D:2      | Found a shattered altar of Ashenzari.
   860 | D:2      | Reached XP level 2. HP: 27/27 MP: 1/1
   862 | D:2      | Found an oddly glowing altar of Pakellas.
  1289 | D:3      | Found a sparkling altar of Nemelex Xobeh.
  1302 | D:3      | Found a shadowy altar of Dithmenos.
  1388 | D:3      | Found an opulent altar of Gozag.
  1479 | D:3      | Reached XP level 3. HP: 33/33 MP: 2/2
  1528 | D:3      | Reached ** piety under Trog
  1751 | D:4      | Noticed a centaur
  1765 | D:4      | Killed a centaur
  1765 | D:4      | Reached XP level 4. HP: 12/41 MP: 3/3
  1780 | D:4      | Found a staircase to the Ecumenical Temple.
  1885 | D:4      | Reached XP level 5. HP: 29/47 MP: 4/4
  2464 | D:4      | Found a radiant altar of Vehumet.
  2526 | D:4      | Reached skill level 5 in Polearms
  2526 | D:4      | Reached skill level 1 in Bows
  2589 | D:4      | Reached XP level 6. HP: 28/55 MP: 5/5
  2744 | D:4      | Reached skill level 5 in Fighting
  2911 | D:4      | Found an iron altar of Okawaru.
  3317 | D:5      | Entered Level 5 of the Dungeon
  3601 | D:5      | Noticed Rationalist's ghost (novice MiBe)
  3612 | D:5      | Killed Rationalist's ghost
  3612 | D:5      | Reached skill level 5 in Armour
  3612 | D:5      | Reached skill level 5 in Dodging
  3612 | D:5      | Reached XP level 7. HP: 62/62 MP: 6/6
  4088 | D:5      | Reached XP level 8. HP: 58/70 MP: 7/7
  4486 | D:6      | Found Oseddyrr's Antique Weapon Shop.
  4801 | D:6      | Found a basalt altar of Yredelemnul.
  5063 | D:7      | Found a bloodstained altar of Trog.
  5317 | D:7      | Found a blossoming altar of Fedhas.
  5338 | D:7      | Reached *** piety under Trog
  5338 | D:7      | Reached XP level 9. HP: 73/79 MP: 8/8
  5480 | D:7      | Reached skill level 5 in Bows
  7035 | D:8      | Reached **** piety under Trog
  7253 | D:8      | Reached XP level 10. HP: 71/90 MP: 9/9
  7616 | D:9      | Found a white marble altar of Elyvilon.
  8088 | D:9      | Received a gift from Trog
  8158 | D:9      | Found a staircase to the Orcish Mines.
  8375 | D:9      | Found Gyori's Jewellery Shop.
  8625 | D:10     | Entered Level 10 of the Dungeon
  8766 | D:10     | Found Geurus's Book Boutique.
  8928 | D:10     | Noticed a hill giant
  8940 | D:10     | Killed a hill giant
  8947 | D:10     | Reached XP level 11. HP: 40/99 MP: 10/10
  9281 | D:10     | Noticed a hill giant
  9285 | D:10     | Killed a hill giant
  9285 | D:10     | Reached skill level 10 in Fighting
  9285 | D:10     | Reached skill level 10 in Polearms
  9408 | D:10     | Noticed a hill giant
  9421 | D:10     | Demolished by a hill giant

Skill      XL: |  1  2  3  4  5  6  7  8  9 10 11 |
---------------+----------------------------------+-----
Polearms       | 4 5 6 7 8 9 10 | 10.0
Fighting       | 4 5 6 7 8 9 10 | 10.0
Armour         | 3 4 5 6 8 9 |  9.9
Dodging        | 3 4 5 6 7 8 |  8.8
Bows           | 1 3 4 6 7 8 |  8.0

Action                   |  1- 3 |  4- 6 |  7- 9 | 10-12 || total
-------------------------+-------+-------+-------+-------++-------
Melee: Spear             |    87 |    92 |   216 |   137 ||   532
       Headbutt          |     4 |    12 |    54 |    35 ||   105
 Fire: Shortbow          |       |    34 |   105 |   112 ||   251
Invok: Berserk           |     1 |     3 |     3 |     4 ||    11
       Trog's Hand       |       |       |     1 |       ||     1
       Burn Spellbooks   |       |       |       |     2 ||     2
Evoke: Wand              |       |       |     2 |       ||     2
  Use: Scroll            |     5 |     1 |     4 |       ||    10
  Eat: Chunk             |     3 |     7 |    12 |     9 ||    31
       Pizza             |       |     1 |     2 |       ||     3
       Fruit             |       |       |     1 |       ||     1
Armor: Ring mail         |    22 |    25 |    40 |    14 ||   101
Dodge: Dodged            |    42 |    42 |   109 |    59 ||   252
